 Dungeon Crawl Stone Soup version 0.27-a0-1189-gb8eb6cee8e (webtiles) character file.

Game seed: 13151994249353555487

965 roflturtle the Skirmisher (level 7, 0/60 HPs)
             Began as a Green Draconian Transmuter on May 22, 2021.
             Was a Follower of Okawaru.
             Succumbed to a water moccasin's poison
             ... on level 5 of the Dungeon.
             The game lasted 00:23:31 (4943 turns).

roflturtle the Skirmisher (DrTm)                    Turns: 4943, Time: 00:23:32

Health: 0/60       AC:  2    Str: 13    XL:     7   Next: 93%
Magic:  8/13       EV: 20    Int: 14    God:    Okawaru [*.....]
Gold:   294        SH:  0    Dex: 17    Spells: 8/14 levels left

rFire    . . .     SeeInvis .     - Unarmed
rCold    . . .     Faith    .   (shield currently unavailable)
rNeg     . . .     Spirit   .   (armour unavailable)
rPois    x         Reflect  .   (helmet currently unavailable)
rElec    .         Harm     .   (cloak currently unavailable)
rCorr    .         Rampage  .   (gloves currently unavailable)
Will     .....                  (boots currently unavailable)
Stlth    ++........             (no amulet)
HPRegen  0.20/turn              (no ring)
MPRegen  0.13/turn              (no ring)

@: lethally poisoned (0 -> -31), spider-form, very slightly contaminated,
hasted, very quick
A: venomous fangs, (breathe noxious fumes), AC +6, tiny, unfitting armour,
(poison resistance), (cold-blooded)
a: End Transformation, Renounce Religion, Heroism


You were on level 5 of the Dungeon.
You worshipped Okawaru.
Okawaru was aware of your devotion.
You were a venomous arachnid creature.
You visited 2 branches of the dungeon, and saw 6 of its levels.

You collected 294 gold pieces.

Inventory:

Missiles
 f - a throwing net (quivered)
Armour
 r - a +2 cloak of stealth
Jewellery
 h - a ring of protection from fire
 i - a +4 ring of protection
 n - a ring of willpower
 o - a ring of ice
Wands
 u - a wand of iceblast (5)
Scrolls
 a - a scroll of magic mapping {unknown}
 b - 3 scrolls of identify {unknown}
 c - 2 scrolls of blinking {unknown}
 d - a scroll of holy word {unknown}
 e - a scroll of noise {unknown}
 g - 2 scrolls of teleportation {unknown}
 j - a scroll of enchant weapon {unknown}
 k - a scroll of enchant armour {unknown}
 m - a scroll of vulnerability {unknown}
 s - a scroll of brand weapon {unknown}
Potions
 l - a potion of brilliance {unknown}
 p - a potion of haste
 q - a potion of flight {unknown}
 t - a potion of attraction {unknown}


   Skills:
 + Level 4.6 Fighting
 - Level 3.4 Dodging
 - Level 4.1 Unarmed Combat
 - Level 4.3 Spellcasting
 - Level 4.0 Transmutations
 - Level 3.2 Poison Magic
 - Level 2.2 Invocations


You had 8 spell levels left.
You knew the following spells:

 Your Spells              Type           Power      Damage    Failure   Level
a - Beastly Appendage     Tmut           28%        N/A       12%         1
b - Wereblood             Tmut           14%        N/A       16%         2
c - Spider Form           Tmut/Pois      6%         N/A       30%         3

Your spell library contained the following spells:

 Spells                   Type           Power      Damage    Failure   Level
 Ice Form                 Ice/Tmut       8%         N/A       82%         4
 Hydra Form               Tmut           7%         N/A       86%         5


Dungeon Overview and Level Annotations

Branches:
Dungeon (5/15)             Temple (1/1) D:4

Altars:
Ashenzari
Dithmenos
Elyvilon
Kikubaaqudgha
Nemelex Xobeh
Okawaru
Qazlal
Ru
Sif Muna
Trog
Vehumet
Wu Jian
Yredelemnul
The Shining One


Innate Abilities, Weirdness & Mutations

You are a venomous arachnid creature.
You have poisonous fangs.
You are tiny and dextrous.
Your spellcasting is less reliable in this form.
Your armour is entirely melded.
You are incapable of wielding weapons or throwing items.
((You can breathe blasts of noxious fumes.))
((Your lurid green scales are hard. (AC +6)))
You cannot fit into any form of body armour.
((Your system is resistant to poisons. (rPois)))
((You are cold-blooded and may be slowed by cold attacks.))


Message History

There is a stone staircase leading down here.
You climb downwards.
A water moccasin comes into view.
There is a stone staircase leading up here.
Casting: Beastly Appendage (safe; 3% risk of failure)
Confirm with . or Enter, or press ? or * to list all spells.
You miscast Spider Form.
You are very lightly contaminated with residual magic.
You feel rather nauseous for a moment. You resist.
The water moccasin hisses angrily.
Casting: Spider Form (dangerous; 13% risk of failure)
Confirm with . or Enter, or press ? or * to list all spells.
You turn into a venomous arachnid creature.
You hit the water moccasin.
The water moccasin is lightly wounded.
The water moccasin barely misses you. The water moccasin bites you.
You are poisoned.
The water moccasin poisons you!
You completely miss the water moccasin.
The water moccasin is lightly wounded.
You feel extremely sick. The water moccasin barely misses you.
You hit the water moccasin.
The water moccasin is poisoned.
The water moccasin is lightly wounded.
You feel very sick. The water moccasin bites you!
You are lethally poisoned!
The water moccasin poisons you!
You hit the water moccasin.
The water moccasin looks as sick as possible!
The water moccasin is moderately wounded.
You feel extremely sick. The water moccasin closely misses you.
* * * LOW HITPOINT WARNING * * *
You feel extremely sick. The water moccasin closely misses you.
* * * LOW HITPOINT WARNING * * *
You feel extremely sick.
It was a potion of haste.
You feel yourself speed up.
You die...

#.# ##.##
###...## ......
#
#####...##.###.
...............
#..<...#
#.S##### #.s#
#..# #..# ...#
..... #.#.##
#.#. #.#.


You could see a water moccasin (extremely poisoned).

Vanquished Creatures
  An ogre (D:4)
  A necrophage (D:4)
  6 elf skeletons (D:4)
  A wyvern skeleton (D:3)
  3 orc priests
  A hound (D:4)
  A human zombie (D:4)
  Crazy Yiuf (D:4)
  A centaur skeleton (D:4)
  2 human skeletons (D:4)
  An orc wizard (D:4)
  A gnoll (D:1)
  An ufetubus (D:4)
  2 worms (D:4)
  3 dart slugs
  10 orcs
  4 ball pythons
  7 bats
  4 endoplasms
  8 giant cockroaches
  7 goblins
  3 hobgoblins
  6 jackals
  3 kobolds
  7 quokkas
  A frilled lizard (D:3)
  An orc skeleton (D:4)
  An orc zombie (D:4)
  3 rats (D:2)
91 creatures vanquished.

Vanquished Creatures (others)
  3 fungi (D:1)
  4 toadstools (D:1)
7 creatures vanquished.

Grand Total: 98 creatures vanquished

Notes
Turn   | Place    | Note
-------+----------+-------------------------------------------
     0 | D:1      | roflturtle the Draconian Transmuter began the quest for the
                  | Orb.
     0 | D:1      | Reached XP level 1. HP: 16/16 MP: 3/3
   236 | D:1      | Reached XP level 2. HP: 24/24 MP: 3/5
   588 | D:1      | Reached XP level 3. HP: 25/29 MP: 4/6
  1651 | D:3      | Reached XP level 4. HP: 21/38 MP: 7/7
  1951 | D:3      | Noticed an ogre
  2028 | D:3      | Reached XP level 5. HP: 31/45 MP: 8/8
  2031 | D:3      | Learned a level 2 spell: Wereblood
  2347 | D:3      | Found a shadowy altar of Dithmenos.
  2359 | D:3      | Found a basalt altar of Yredelemnul.
  2830 | D:4      | Noticed an ogre
  2936 | D:3      | Learned a level 3 spell: Spider Form
  2971 | D:4      | Found a staircase to the Ecumenical Temple.
  2979 | Temple   | Entered the Ecumenical Temple
  3196 | Temple   | Became a worshipper of Warmaster Okawaru
  3344 | D:4      | Killed an ogre
  3345 | D:4      | Reached XP level 6. HP: 51/51 MP: 3/10
  3655 | D:4      | Reached * piety under Okawaru
  3675 | D:4      | Your scales start taking on a lurid green colour.
  3675 | D:4      | Reached XP level 7. HP: 40/60 MP: 13/13
  3675 | D:4      | Gained mutation: Your system is resistant to poisons.
                  | (rPois) [Green Draconian growth]
  3791 | D:4      | Reached skill level 1 in Poison Magic
  3853 | D:4      | Found a runed translucent door.
  3854 | D:4      | Noticed Crazy Yiuf
  3938 | D:4      | Killed Crazy Yiuf
  4413 | D:4      | Reached skill level 1 in Invocations
  4818 | D:4      | Found a shimmering blue altar of Sif Muna.
  4934 | D:5      | Entered Level 5 of the Dungeon
  4943 | D:5      | Succumbed to a water moccasin's poison

Illustrated notes

Levels and vault maps discovered:
D:1:      minmay_arrival_split_and_join, layout_rooms, minmay_gold_behind_fungi,
          minmay_misc_feat_rugged
D:2:      layout_loops_ring
D:3:      layout_loops_ring, amethyst_overflow_temple_binary,
          lightli_corner_chamber
D:4:      layout_loops_ring, lemuel_coloured_pillars_altar,
          minmay_temple_entry_drinking_statues, nicolae_ossuary_entry_catacombs,
          uniq_crazy_yiuf_cottage
D:5:      layout_loops_ring, nicolae_overflow_crystal_walls,
          serial_bayou_pond_e, grunt_ministairs_15, corexii_leaking_fountain,
          uniq_edmund
Temple:   minmay_temple_curvy_loop

Skill      XL: |  1  2  3  4  5  6  7 |
---------------+----------------------+-----
Dodging        | 2 3 |  3.4
Fighting       | 2 3 4 |  4.6
Transmutations | 3 4 |  4.0
Unarmed Combat | 4 |  4.1
Spellcasting   | 3 4 |  4.3
Poison Magic   | 3 |  3.2
Invocations    | 2 |  2.2

Action                   |  1- 3 |  4- 6 |  7- 9 || total
-------------------------+-------+-------+-------++-------
Melee: Unarmed           |   130 |   151 |   151 ||   432
       Headbutt          |     7 |    16 |    12 ||    35
       Kick              |     8 |    19 |    16 ||    43
       Tailslap          |     7 |    23 |    10 ||    40
       Punch             |     2 |     1 |     2 ||     5
 Cast: Beastly Appendage |    10 |    12 |     9 ||    31
       Spider Form       |       |     1 |     5 ||     6
  Use: Potion            |       |       |     1 ||     1
 Stab: Sleeping          |     1 |       |       ||     1
Armor: Skin              |    45 |    27 |    30 ||   102
Dodge: Dodged            |    80 |    67 |   103 ||   250

Table legend: (Time is in decaauts)
 A = Elapsed time spent in this place.
 B = Non-inter-level travel time spent in this place.
 C = Inter-level travel time spent in this place.
 D = Time resting spent in this place.
 E = Time spent auto-exploring this place.
 F = Levels seen in this place.
 G = Mean time per level.
                   A        B        C        D        E       F      G
               +--------+--------+--------+--------+--------+-----+--------+
         Total |   4913 |   4623 |    290 |    364 |   2940 |   6 |  818.8 |
       Dungeon |   4588 |   4379 |    209 |    364 |   2708 |   5 |  917.6 |
        Temple |    324 |    243 |     81 |      0 |    232 |   1 |  324.0 |
               +--------+--------+--------+--------+--------+-----+--------+

Top non-repeatable levels by time:
     D:4: 1826 daAuts
     D:3: 1188 daAuts
     D:1: 854 daAuts
     D:2: 711 daAuts
  Temple: 324 daAuts
     D:5: 8 daAuts
